 Dungeon Crawl Stone Soup version 0.21.1-1-g345015f (webtiles) character file.

51 letownia2 the Ruffian (level 3, -4/27 HPs)
             Began as a Demonspawn Gladiator on July 15, 2018.
             Asphyxiated
             ... on level 3 of the Dungeon.
             The game lasted 00:03:21 (597 turns).

letownia2 the Ruffian (Demonspawn Gladiator)         Turns: 597, Time: 00:03:22

Health: -4/27      AC:  6    Str: 15    XL:     3   Next: 57%
Magic:  3/3        EV: 12    Int:  9    God:
Gold:   90         SH:  0    Dex: 14    Spells: 2/2 levels left

rFire    . . .     SeeInvis .   c - +0 blowgun
rCold    . . .     Gourm    .   (no shield)
rNeg     . . .     Faith    .   a - +0 leather armour
rPois    .         Spirit   .   e - +1 helmet
rElec    .         Reflect  .   (no cloak)
rCorr    .         Harm     .   q - +0 pair of gloves
MR       .....                  (no boots)
Stlth    +.........             (no amulet)
HPRegen  0.09/turn              (no ring)
MPRegen  0.08/turn              (no ring)

@: lethally poisoned (-4 -> -9)
A: powered by pain 1
a: no special abilities


You were on level 3 of the Dungeon.
You were not hungry.

You visited 1 branch of the dungeon, and saw 4 of its levels.

You collected 90 gold pieces.

Inventory:

Hand Weapons
 c - a +0 blowgun (weapon)
Missiles
 i - 2 tomahawks
 k - 4 poisoned needles (quivered)
Armour
 a - a +0 leather armour (worn)
 e - a +1 helmet (worn)
 g - a +0 plate armour
 n - a +2 hat
 q - a +0 pair of gloves (worn)
Scrolls
 f - 2 scrolls of identify {unknown}
 h - a scroll of fear {unknown}
 l - a scroll of magic mapping {unknown}
 m - a scroll of random uselessness {unknown}
 o - a scroll of remove curse {unknown}
 p - a scroll of enchant armour {unknown}
Comestibles
 d - 3 rations


   Skills:
 - Level 2.0 Fighting
 - Level 1.7 Throwing
 - Level 2.6 Dodging
 + Level 4.2 Unarmed Combat


You had 2 spell levels left.
You didn't know any spells.

Dungeon Overview and Level Annotations

Branches:
Dungeon (4/15)
 Temple: D:4-7

Altars:


Innate Abilities, Weirdness & Mutations

You sometimes gain a little power by taking damage.


Message History

The howler monkey hits you.
* * * LOW HITPOINT WARNING * * *
Firing (i - inventory. (,) - cycle):
k - 5 poisoned needles (quivered)
Press: ? - help, Shift-Dir - straight line, f/p - howler monkey
Aim: a howler monkey (lightly wounded, catching its breath)
You shoot a poisoned needle.
The poisoned needle hits the howler monkey.
The howler monkey is poisoned.
The howler monkey is lightly wounded.
The howler monkey hits you.
* * * LOW HITPOINT WARNING * * *
Unknown command.
A kobold comes into view.
The kobold shouts!
The kobold wields a blowgun.
The kobold shoots a curare-tipped needle.
The curare-tipped needle hits you.
You are lethally poisoned!
You have difficulty breathing.
You die...

#.......# #(# #..#.##
#.####..# #[# #.....# #.#
#..# #.####.##..####.#
#.#
#..####...............#
#.#
#............##..#######
#.#
#.#####.#######.........
#†#
#.#.....h.#######.#######
##.####.#####>.>.......#
#.......#####@##########
#..#...........K.#
####..#.##.#####.##.#
.................# #
.###.##.##.####... .#
#.##.##.# ##.# ##
#.......# ### ####.####
#.#


You could see a howler monkey and a kobold.

Vanquished Creatures
  2 adders (D:3)
  2 dart slugs (D:4)
  A worm (D:3)
  A leopard gecko (D:3)
  2 orcs
  2 giant cockroaches (D:3)
  2 hobgoblins
  A jackal (D:1)
  4 quokkas
  2 bats (D:3)
  3 kobolds
  A rat (D:3)
23 creatures vanquished.

Notes
Turn   | Place    | Note
-------+----------+-------------------------------------------
     0 | D:1      | letownia2 the Demonspawn Gladiator began the quest for the Orb.
     0 | D:1      | Reached XP level 1. HP: 16/16 MP: 1/1
    88 | D:2      | Reached skill level 3 in Unarmed Combat
   128 | D:3      | Gained mutation: You sometimes gain a little power by taking damage. [demonic ancestry]
   128 | D:3      | Reached XP level 2. HP: 19/22 MP: 2/2
   400 | D:3      | Reached XP level 3. HP: 16/27 MP: 3/3
   522 | D:3      | Reached skill level 4 in Unarmed Combat
   597 | D:3      | Asphyxiated

Skill      XL: |  1  2  3 |
---------------+----------+-----
Unarmed Combat | 3 4 |  4.2
Fighting       | |  2.0
Throwing       | |  1.7
Dodging        | |  2.6

Action                   || total
-------------------------++-------
Melee: Unarmed           ||    98
       Punch             ||     1
 Fire: Blowgun           ||    17
Throw: Throwing net      ||     3
Armor: Leather armour    ||    33
Dodge: Dodged            ||    55
